 Dungeon Crawl Stone Soup version 0.18.1-5-g4a78601 (webtiles) character file.

325 tyrsky the Digger (level 6, -7/32 HPs)
             Began as a Gargoyle Earth Elementalist on May 14, 2016.
             Killed by divine providence
             ... invoked by an orc priest
              (15 damage)
             ... on level 4 of the Dungeon.
             The game lasted 00:13:05 (3158 turns).

tyrsky the Digger (Gargoyle Earth Elementalist)     Turns: 3158, Time: 00:13:06

Health: -7/32      AC:  6    Str: 11    XL:     6   Next: 48%
Magic:  5/13       EV: 12    Int: 18    God:
Gold:   190        SH:  0    Dex: 10    Spells: 2 memorised, 10 levels left

rFire  . . .     SeeInvis .     i - +0 dagger
rCold  . . .     Gourm    .     q - +0 robe {MR+}
rNeg   + . .     Faith    .     (no shield)
rPois  ∞         Spirit   .     (no helmet)
rElec  +         Dismiss  .     (no cloak)
rCorr  .         Reflect  .     (no gloves)
SustAt .         Harm     .     (no boots)
MR     +....                    (no amulet)
Stlth  ++........               (no ring)
                                (no ring)

@: somewhat resistant to hostile enchantments, unstealthy
A: negative energy resistance 1, electricity resistance, unbreathing,
petrification resistance, rot immunity, AC +4
a: no special abilities


You were on level 4 of the Dungeon.
You were very hungry.

You visited 1 branch of the dungeon, and saw 4 of its levels.

You collected 190 gold pieces.

Inventory:

Hand Weapons
 i - a +0 dagger (weapon)
 o - a +0 dagger
Missiles
 b - 63 stones (quivered)
Armour
 a - a +0 robe
 q - a +0 robe of magic resistance (worn)
Jewellery
 g - an uncursed ring of magical power {unknown}
Wands
 n - a wand of lightning (7/15)
Scrolls
 h - 3 scrolls of identify {unknown}
 s - a scroll of recharging {unknown}
 t - a scroll of immolation {unknown}
 u - a scroll of fog {unknown}
 v - a scroll of remove curse {unknown}
 w - a scroll of blinking {unknown}
Potions
 e - 2 potions of ambrosia {unknown}
 j - a potion of flight {unknown}
 l - a potion of berserk rage {unknown}
 r - a potion of lignification {unknown}
Books
 c - a book of Geomancy

   Spells                             Type                      Level
   a - Sandblast                      Earth                        1
   b - Passwall                       Transmutation/Earth          2
   c - Stone Arrow                    Conjuration/Earth            3
   d - Petrify                        Transmutation/Earth          4
   e - Lee's Rapid Deconstruction     Earth                        5
Comestibles
 d - 3 bread rations
 f - 2 royal jellies
 m - a slice of pizza
 p - 2 meat rations


   Skills:
 - Level 1.5 Dodging
 - Level 2.1 Stealth
 * Level 4.9 Spellcasting
 + Level 2.1 Conjurations
   Level 0.7 Transmutations
 + Level 5.3 Earth Magic


You had 10 spell levels left.
You knew the following spells:

 Your Spells              Type           Power        Failure   Level  Hunger
a - Sandblast             Erth           ###...       1%          1    None
b - Stone Arrow           Conj/Erth      ###...       12%         3    ###....


Dungeon Overview and Level Annotations

Branches:
Dungeon (4/15)
 Temple: D:4-7

Altars:
Sif Muna

Annotations:
D:4 Gekot's ghost, novice GrFi


Innate Abilities, Weirdness & Mutations

You are resistant to torment.
Your stone body is resilient (AC +4).
You are immune to poison.
You resist negative energy.
You are resistant to electric shocks.
You can survive without breathing.
You are immune to petrification.
You are immune to rotting.


Message History

Press: ? - help, Shift-Dir - straight line, f/p - orc priest
Aim: an orc priest, wielding a short sword and wearing a leather armour (lightly wounded)
The blast of sand hits the orc priest.
The orc priest is lightly wounded.
The orc priest calls upon Beogh to heal the orc priest.
The orc priest's wounds heal themselves!
The orc priest looks braver for a moment.
The orc hits you with a short sword.
Casting: Sandblast
Confirm with . or Enter, or press ? or * to list all spells.
Aiming: Sandblast
Press: ? - help, Shift-Dir - straight line, f/p - orc priest
Aim: an orc priest, wielding a short sword and wearing a leather armour The blast of sand hits the orc priest.
The orc priest is lightly wounded.
The orc priest hits you with a morningstar.
* * * LOW HITPOINT WARNING * * *
The orc priest calls down the wrath of Beogh upon you.
Beogh smites you!
You die...

#......############.....#
#..................#<#..#.#
#.......##########.#....#.#
#.......##########.#....#.#.
#...........................
#.###.#.#############...#.#.
#. #.#....(............#.# #
#.#....oo.........#.#.##
#.#....9o.#######.......
#.#####.# #.#.#.##
.#######(#######.#.#.#.
..o....(.........#.#.#.
o.o....................
..o.......########.#...
#####....... #.#...
#........ #.#... #..........
#.###.


You could see 2 orc priests and an orc.

Vanquished Creatures
  A sky beast (D:4)
  Ijyb (D:2)
  Jessica (D:2)
  Natasha (twice) (D:2)
  A worker ant (D:4)
  6 adders
  A worm (D:2)
  2 dart slugs
  7 bats
  7 giant cockroaches
  4 goblins
  4 hobgoblins
  2 jackals (D:1)
  A quokka (D:2)
  3 ball pythons
  3 giant newts
  5 kobolds
  4 rats
55 creatures vanquished.

Notes
Turn   | Place    | Note
--------------------------------------------------------------
     0 | D:1      | tyrsky the Gargoyle Earth Elementalist began the quest for the Orb.
     0 | D:1      | Reached XP level 1. HP: 10/10 MP: 3/3
   181 | D:1      | Reached XP level 2. HP: 3/15 MP: 0/5
   668 | D:2      | Reached skill level 4 in Earth Magic
   668 | D:2      | Reached XP level 3. HP: 19/19 MP: 2/7
   687 | D:2      | Noticed Ijyb
   896 | D:2      | Noticed Jessica
  1147 | D:1      | Reached XP level 4. HP: 24/24 MP: 6/9
  1386 | D:2      | Killed Ijyb
  1391 | D:2      | Learned a level 3 spell: Stone Arrow
  1483 | D:2      | Killed Jessica
  1483 | D:2      | Reached XP level 5. HP: 4/28 MP: 0/11
  1523 | D:2      | Noticed Natasha
  1911 | D:2      | Killed Natasha
  2086 | D:2      | Noticed Natasha
  2093 | D:2      | Killed Natasha
  2093 | D:2      | Reached skill level 1 in Conjurations
  2223 | D:3      | Found a deep blue altar of Sif Muna.
  2579 | D:4      | Noticed a sky beast
  2623 | D:4      | Killed a sky beast
  2623 | D:4      | Reached skill level 5 in Earth Magic
  2623 | D:4      | Reached XP level 6. HP: 6/32 MP: 0/13
  3140 | D:4      | Noticed Gekot's ghost (novice GrFi)
  3158 | D:4      | Killed from afar by an orc priest

Skill      XL: |  1  2  3  4  5 |
---------------+----------------+-----
Spellcasting   | 3 4 |  4.9
Earth Magic    | 4 5 |  5.3
Conjurations   | 2 |  2.1
Dodging        | |  1.5
Stealth        | |  2.1
Transmutations | |  0.7

Action                   |  1- 3 |  4- 6 || total
-------------------------+-------+-------++-------
Melee: Unarmed           |    36 |       ||    36
       Dagger            |    22 |    23 ||    45
 Cast: Sandblast         |    65 |   102 ||   167
       Stone Arrow       |       |     3 ||     3
  Use: Potion            |       |     4 ||     4
  Eat: Chunk             |     1 |     5 ||     6
Armor: Robe              |    33 |    35 ||    68
Dodge: Dodged            |    78 |    28 ||   106
